 Dungeon Crawl Stone Soup version 0.28.0-53-g5a82cb258f (webtiles) character file.

Game seed: 7620963709169600899

88 SanguineChosen the Covered (level 4, -2/29 HPs)
             Began as a Gargoyle Fighter on July 21, 2022.
             Slain by a gnoll
             ... wielding a +0 halberd
              (9 damage)
             ... on level 6 of the Dungeon.
             The game lasted 00:03:13 (2574 turns).

SanguineChosen the Covered (Gargoyle Fighter)       Turns: 2574, Time: 00:03:13

Health: -2/29      AC: 12    Str: 21    XL:     4   Next: 53%
Magic:  4/4        EV:  9    Int:  9    God:
Gold:   79         SH:  4    Dex:  9    Spells: 3/3 levels left

rFire   + . .      SeeInvis .   a - +0 flail
rCold   + . .      Faith    .   c - +0 buckler
rNeg    + . .      Spirit   .   b - +0 scale mail
rPois   ∞          Reflect  .   (no helmet)
rElec   +          Harm     .   k - scarf {rC+ rF+}
rCorr   .          Rampage  .   (no gloves)
Will    .....                   i - +0 pair of boots
Stlth   ..........              (no amulet)
HPRegen 0.09/turn               (no ring)
MPRegen 0.09/turn               (no ring)

@: mesmerised
A: sickness immunity, AC +3, negative energy resistance 1, electricity
resistance, torment resistance 1, petrification resistance
a: no special abilities


You were on level 6 of the Dungeon.
You visited 1 branch of the dungeon, and saw 4 of its levels.

You collected 79 gold pieces.

Inventory:

Hand Weapons
 a - a +0 flail (weapon)
 p - a +0 hand axe of venom
Armour
 b - a +0 scale mail (worn)
 c - a +0 buckler (worn)
 i - a +0 pair of boots (worn)
 k - a scarf of resistance (worn)
Scrolls
 e - 2 scrolls of silence {unknown}
 g - 3 scrolls of identify {unknown}
 l - a scroll of fear {unknown}
 m - a scroll of teleportation {unknown}
 n - a scroll of enchant armour {unknown}
 o - 3 scrolls of brand weapon {unknown}
Potions
 d - 3 potions of might
 f - a potion of mutation {unknown}
 h - 2 potions of lignification {unknown}
 j - 2 potions of cancellation {unknown}


   Skills:
 + Level 3.7 Fighting
 + Level 2.6 Maces & Flails
 + Level 4.4 Armour
 + Level 0.2 Stealth
 + Level 3.9 Shields


You had 3 spell levels left.
You didn't know any spells.
Your spell library contained the following spells:

 Spells                   Type           Power      Damage    Failure   Level
 Petrify                  Tmut/Erth      0%         N/A       100%        4
 Irradiate                Conj/Tmut      0%         3d14      100%        5
 Sublimation of Blood     Necr           Unusable   N/A       N/A         2

Dungeon Overview and Level Annotations

Branches:
Dungeon (3/15)

Altars:

Annotations:
D:6 Maggie


Innate Abilities, Weirdness & Mutations

You are immune to sickness and miasma.
Your stone body is resilient. (AC +3)
You are immune to poison.
You resist negative energy. (rN+)
You are resistant to electric shocks. (rElec)
You are resistant to unholy torment.
You are immune to petrification.


Message History

You see here 26 arrows.
Found a chain mail.
You see here a +0 chain mail.
A sourceless malevolence fills the Dungeon...
You fall into a shaft and drop 3 floors!
The shaft crumbles and collapses. 2 orcs and 2 gnolls come into view.
An orc is wielding a +0 hand axe of venom.
The orc shouts! x2; The gnoll shouts! x2; You hear a shout!
You hear a bark!
You hear a shout!
An orc comes into view. It is wielding a +0 club.
Maggie the Vainglorious comes into view.
She is wielding a +3 scimitar of holy wrath.
Maggie shouts!
The orc shouts!
Maggie moves out of view.
Maggie smiles, but it's obviously fake.
Maggie casts a spell.
Maggie attempts to bespell you!
You are mesmerised by Maggie!
You are no longer entranced.
The orc hits you but does no damage. You block the gnoll's attack.
The orc hits you with a +0 short sword.
You hit the orc but do no damage. The orc hits you but does no damage.
Maggie casts a spell.
Maggie attempts to bespell you!
You are mesmerised by Maggie!
You sock the orc!
You kill the orc!
Maggie gestures wildly while chanting.
Maggie draws you further into her thrall.
An orc comes into view. It is wielding a +0 dagger.
Maggie hits you with a +3 scimitar of holy wrath!
The gnoll closely misses you.
Things that are here:
a +0 hand axe of venom; an orc corpse
p - a +0 hand axe of venom The orc closely misses you.
Maggie hits you with a +3 scimitar of holy wrath.
* * * LOW HITPOINT WARNING * * *
The gnoll hits you from afar with a +0 halberd!
You die...

.. .# #.##.#
#.#..# #
....#.# .#
###...#.##.#
...........
#...#..#.#
####..#.....
#.@og....#
###@o.#..#
#go.# .#
#...# #
#..###...#
.........#
#..####..# #
.....
.......+


You could see Maggie (mesmerising), 2 gnolls and 3 orcs.

Vanquished Creatures
  3 adders (D:2)
  A worm (D:2)
  A dart slug (D:1)
  An orc (D:6)
  7 ball pythons
  5 endoplasms
  4 giant cockroaches
  5 goblins
  6 hobgoblins
  6 kobolds
  A quokka (D:1)
  5 bats (D:1)
  2 frilled lizards
  5 rats
52 creatures vanquished.

Notes
Turn   | Place    | Note
-------+----------+-------------------------------------------
     0 | D:1      | SanguineChosen the Gargoyle Fighter began the quest for the
                  | Orb.
     0 | D:1      | Reached XP level 1. HP: 14/14 MP: 1/1
   203 | D:1      | Reached XP level 2. HP: 19/19 MP: 2/2
   782 | D:1      | Reached XP level 3. HP: 23/23 MP: 3/3
  1036 | D:1      | Reached skill level 4 in Armour
  1373 | D:2      | Reached XP level 4. HP: 5/29 MP: 4/4
  2022 | D:2      | Found a faded altar of an unknown god.
  2560 | D:3      | You fall into a shaft and drop 3 floors!
  2564 | D:6      | Noticed Maggie
  2574 | D:6      | Slain by a gnoll

Illustrated notes

Levels and vault maps discovered:
D:1:      giann_bridges, layout_basic, st_stairs_11
D:2:      layout_rooms, hellmonk_ecumenical_altar_arch_garden, minivault_24
D:3:      layout_rooms
D:6:      layout_basic, uniq_maggie, uniq_menkaure, uniq_grinder

Skill      XL: |  1  2  3 |
---------------+----------+-----
Armour         | 4 |  4.4
Fighting       | |  3.7
Maces & Flails | |  2.6
Stealth        | |  0.2
Shields        | |  3.9

Action                   |  1- 3 |  4- 6 || total
-------------------------+-------+-------++-------
Melee: Flail             |    88 |    79 ||   167
Armor: Scale mail        |    68 |    43 ||   111
Dodge: Dodged            |    60 |    36 ||    96
Block: Buckler           |    25 |    12 ||    37
